 Dungeon Crawl Stone Soup version 0.20-a0-1086-g4bd2f5b (webtiles) character file.

5945 DevlanMud the Basher (level 10, -1/75 HPs)
             Began as a Minotaur Wanderer on May 1, 2017.
             Was a Priest of Hepliaklqana.
             Slain by a killer bee (12 damage)
             ... on level 9 of the Dungeon.
             The game lasted 00:21:15 (9671 turns).

DevlanMud the Basher (Minotaur Wanderer)            Turns: 9671, Time: 00:21:16

Health: -1/75      AC: 21    Str: 20    XL:     10   Next: 54%
Magic:  14/14      EV:  9    Int:  7    God:    Hepliaklqana [***...]
Gold:   580        SH:  0    Dex: 14    Spells: 13/14 levels left

rFire    + . .     SeeInvis .   F - +2 great mace (protect)
rCold    + . .     Gourm    .   (shield currently unavailable)
rNeg     . . .     Faith    .   c - +0 chain mail
rPois    .         Spirit   .   (helmet restricted)
rElec    .         Reflect  .   w - +2 cloak
rCorr    +         Harm     .   (no gloves)
MR       .....                  (no boots)
Stlth    ..........             (no amulet)
Regen    0.3/turn               n - ring of resist corrosion
MPRegen  0.2/turn               D - ring of protection from cold

@: lethally poisoned (-1 -> -3), protection aura
A: retaliatory headbutt, reduced essence, horns 2, thin skeletal structure 1,
fire resistance 1
a: Recall Ancestor, Ancestor Identity, Transference, Renounce Religion


You were on level 9 of the Dungeon.
You worshipped Hepliaklqana.
Hepliaklqana was most pleased with you.
You were hungry.

You visited 2 branches of the dungeon, and saw 10 of its levels.

You collected 580 gold pieces.

Inventory:

Hand Weapons
 F - a +2 great mace of protection (weapon)
 J - a +1 morningstar
Armour
 c - a +0 chain mail (worn)
 w - a +2 cloak (worn)
Jewellery
 i - an uncursed ring of protection from fire
 n - a ring of resist corrosion (left hand)
 D - a ring of protection from cold (right hand)
 K - an uncursed ring of positive energy {unknown}
Wands
 k - a wand of polymorph (12/24)
 u - a wand of digging (14/24)
 H - a wand of acid (3/15)
Scrolls
 a - 5 scrolls of remove curse
 d - 7 scrolls of identify
 e - a scroll of fog {unknown}
 j - 3 scrolls of teleportation
 m - 3 scrolls of recharging
 o - 2 scrolls of blinking
 r - a scroll of amnesia
 s - a scroll of fear
 v - a scroll of immolation {unknown}
 y - a scroll of magic mapping {unknown}
 A - 2 scrolls of summoning
 C - a scroll of torment {unknown}
Potions
 b - a potion of agility
 h - 4 potions of curing
 l - a potion of brilliance
 t - a potion of berserk rage
 x - a potion of heal wounds {unknown}
 z - a potion of flight
 B - a potion of resistance
 E - a potion of mutation
 G - a potion of degeneration {unknown}
Books
 I - a book of Air

   Spells                             Type                      Level
   a - Shock                          Conjuration/Air              1
   b - Swiftness                      Charms/Air                   2
   c - Static Discharge               Conjuration/Air              3
   d - Airstrike                      Air                          4
   e - Lightning Bolt                 Conjuration/Air              5
Comestibles
 f - 5 bread rations
 g - 6 meat rations
 p - 4 fruits
 q - 7 royal jellies


   Skills:
 + Level 6.9 Fighting
 * Level 11.8 Maces & Flails
 + Level 9.0 Armour
 - Level 3.0 Dodging
   Level 1.2 Shields
 - Level 2.9 Spellcasting
   Level 1.5 Transmutations
   Level 1.5 Earth Magic
 + Level 6.8 Invocations
 - Level 1.0 Evocations


You had 13 spell levels left.
You knew the following spells:

 Your Spells              Type           Power        Failure   Level  Hunger
a - Apportation           Tloc           #.....       95%         1    ##.....


Dungeon Overview and Level Annotations

Branches:
Dungeon (9/15)             Temple (1/1) D:6
   Lair: D:8-11         Orc: D:9-12

Altars:
Ashenzari
Cheibriados
Dithmenos
Elyvilon
Fedhas
Gozag
Hepliaklqana
Kikubaaqudgha
Makhleb
Nemelex Xobeh
Okawaru
Qazlal
Ru
Sif Muna
Trog
Uskayaw
Vehumet
Wu Jian
Xom
Yredelemnul
Zin
The Shining One

Shops:
D:6 *


Innate Abilities, Weirdness & Mutations

You reflexively headbutt those who attack you in melee.
You have a pair of horns on your head.
Your life essence is reduced. (-10% HP)
You have a somewhat thin skeletal structure. (Dex +2, Stealth)
Your flesh is heat resistant. (rF+)


Message History

The queen bee is moderately wounded.
The bolt of acid hits the killer bee.
The killer bee is splashed with acid.
You kill the killer bee!
Evoking this partially-identified wand wasted a few charges.
The killer bee stings you but does no damage. x2
Okay, then.
Evoke which item? (* to show all) (? for menu, Esc to quit)
Aiming: Corrosive Bolt (will waste charges)
Press: ? - help, Shift-Dir - straight line The bolt of acid hits the queen bee.
The queen bee is splashed with acid.
The queen bee is severely wounded.
The bolt of acid misses the killer bee.
Evoking this partially-identified wand wasted a few charges.
You feel sick.
You sock the queen bee!
Your weapon exudes an aura of protection.
You kill the queen bee!
Your Armour skill increases to level 9!
The killer bee stings you!
You die...

#.# #.## ######## #..#
#.......
##.##########.......
######.#........(.......
#.........########...)...
..######.## #....... #.#
#....... #@# #....... #y#
######'# #.# #..
###R###### ##.
#..†.>...### ##
+........'.# #####
#........#.### #.>..
#........#...###....
#........###<.......


You could see the friendly dad gay the hexer and a killer bee (berserk).

Vanquished Creatures
  A two-headed ogre (D:8)
  The ghost of Jarlath the Thaumaturge, a novice DEIE of Vehumet (D:8)
  A queen bee (D:9)
  A troll (D:9)
  2 hippogriffs (D:7)
  A hungry ghost (D:8)
  3 sky beasts
  2 ogres
  5 centaurs
  A crocodile (D:7)
  6 bullfrogs
  4 scorpions
  5 wights
  8 killer bees (D:9)
  A howler monkey (D:6)
  A bullfrog zombie (D:8)
  3 crimson imps (D:5)
  3 orc priests
  4 hounds
  A jelly (D:8)
  4 worker ants
  2 iguanas
  4 orc wizards
  Natasha (twice) (D:4)
  A hound skeleton (D:6)
  Robin (D:4)
  6 adders
  A gnoll (D:8)
  A shadow imp (D:9)
  2 oozes
  2 adder zombies (D:7)
  3 worms
  4 leopard geckos
  15 orcs
  A ball python (D:8)
  3 bats
  5 giant cockroaches
  7 hobgoblins
  3 jackals
  10 kobolds
  4 quokkas
  9 frilled lizards
  18 goblins
  10 rats
172 creatures vanquished.

Vanquished Creatures (collateral kills)
  Menkaure (D:7)
  2 black bears
  An ogre (D:7)
  Blork the orc (D:4)
  A bullfrog (D:8)
  A scorpion (D:5)
  4 killer bees (D:9)
  A wight (D:7)
  A quasit (D:6)
  2 hounds (D:5)
  An orc wizard (D:4)
  Natasha (D:4)
  An iguana (D:5)
  A worker ant (D:6)
  A gnoll (D:8)
  2 adders
  2 orcs (D:4)
  2 jackals (D:6)
  A quokka skeleton (D:4)
27 creatures vanquished.

Vanquished Creatures (others)
  A hexer (D:7)
1 creature vanquished.

Grand Total: 200 creatures vanquished

Notes
Turn   | Place    | Note
-------+----------+-------------------------------------------
     0 | D:1      | DevlanMud the Minotaur Wanderer began the quest for the Orb.
     0 | D:1      | DevlanMud set off with: a book of Changes, the Almanac of Dislocation, a potion of lignification, a +0 robe, a +0 club, a bread ration
     0 | D:1      | Reached XP level 1. HP: 14/14 MP: 3/3
    49 | D:1      | Identified the Almanac of Dislocation
    51 | D:1      | Learned a level 1 spell: Apportation
    83 | D:1      | Reached skill level 1 in Maces & Flails
    91 | D:1      | Reached XP level 2. HP: 3/20 MP: 4/4
   443 | D:1      | Reached skill level 1 in Armour
   613 | D:1      | Reached skill level 1 in Fighting
   615 | D:1      | Reached skill level 2 in Maces & Flails
  1194 | D:2      | Reached XP level 3. HP: 12/28 MP: 6/6
  2159 | D:2      | Reached XP level 4. HP: 36/36 MP: 7/7
  2478 | D:3      | Found a faded altar of an unknown god.
  2509 | D:3      | Reached skill level 3 in Maces & Flails
  2583 | D:3      | Found a sparkling altar of Nemelex Xobeh.
  2588 | D:3      | Found a white marble altar of Elyvilon.
  2588 | D:3      | Found a basalt altar of Yredelemnul.
  2588 | D:3      | Found a hazy altar of Hepliaklqana.
  2603 | D:3      | Found a snail-covered altar of Cheibriados.
  2613 | D:3      | Became a worshipper of Hepliaklqana the Forgotten
  2678 | D:3      | Noticed a dagger
  2680 | D:3      | Noticed a hand axe
  2680 | D:3      | Found a hide-covered altar of Uskayaw.
  3279 | D:4      | Reached * piety under Hepliaklqana
  3287 | D:4      | Reached XP level 5. HP: 33/37 MP: 8/8
  3291 | D:4      | Reached skill level 1 in Dodging
  3291 | D:4      | Reached skill level 1 in Invocations
  3668 | D:4      | Reached skill level 4 in Maces & Flails
  3977 | D:4      | Noticed Blork the orc
  3995 | D:4      | Killed Blork the orc
  3995 | D:4      | Reached XP level 6. HP: 42/45 MP: 9/9
  3996 | D:4      | Noticed Natasha
  3998 | D:4      | Killed Natasha
  4034 | D:4      | Noticed Robin
  4084 | D:4      | Killed Robin
  4274 | D:4      | Reached skill level 5 in Maces & Flails
  4618 | D:4      | Noticed Natasha
  4625 | D:4      | Killed Natasha
  4715 | D:4      | Noticed Natasha
  4722 | D:4      | Killed Natasha
  4722 | D:4      | Reached XP level 7. HP: 46/51 MP: 10/10
  4787 | D:5      | Entered Level 5 of the Dungeon
  5427 | D:6      | Found a staircase to the Ecumenical Temple.
  5432 | Temple   | Entered the Ecumenical Temple
  5461 | D:6      | Reached skill level 6 in Maces & Flails
  5473 | D:6      | Reached XP level 8. HP: 45/60 MP: 11/11
  5580 | D:6      | Reached ** piety under Hepliaklqana
  5581 | D:6      | Remembered your ancestor dad gay as a hexer
  5733 | D:6      | Reached skill level 5 in Armour
  5739 | D:6      | Found a shadowy altar of Dithmenos.
  5925 | D:6      | Found Zutoph's Assorted Antiques.
  6031 | D:6      | Reached skill level 5 in Fighting
  6031 | D:6      | Reached skill level 7 in Maces & Flails
  6702 | D:7      | Reached skill level 8 in Maces & Flails
  6848 | D:7      | Found an opulent altar of Gozag.
  6903 | D:7      | Noticed a hippogriff
  6919 | D:7      | Killed a hippogriff
  7006 | D:7      | Reached XP level 9. HP: 52/66 MP: 12/12
  7132 | D:7      | Reached skill level 9 in Maces & Flails
  7132 | D:7      | Reached skill level 5 in Invocations
  7792 | D:7      | Noticed Menkaure
  7802 | D:7      | Killed Menkaure
  7802 | D:7      | Reached skill level 10 in Maces & Flails
  8025 | D:8      | Noticed Jarlath's ghost (novice DEIE)
  8036 | D:8      | Killed Jarlath's ghost
  8650 | D:8      | Reached *** piety under Hepliaklqana
  8728 | D:8      | Reached XP level 10. HP: 70/74 MP: 13/13
  8852 | D:8      | Found a stormy altar of Qazlal.
  8978 | D:8      | Reached skill level 11 in Maces & Flails
  9125 | D:8      | Noticed a two-headed ogre
  9130 | D:8      | Killed a two-headed ogre
  9328 | D:9      | Gained mutation: Your flesh is heat resistant. (rF+) [potion of mutation]
  9328 | D:9      | Gained mutation: You have a somewhat thin skeletal structure. (Dex +2, Stealth) [potion of mutation]
  9671 | D:9      | Slain by a killer bee

Vault maps used:
D:1:      sevenhm_arrival_forest_fort_small_4
D:3:      minitemple, dancing_weapons_uskayaw,
          chequers_ecumenical_altar_simple_redux
D:4:      kennysheep_generic_room_11, uniq_robin, uniq_blork_the_orc,
          uniq_natasha
D:5:      first_bread
D:6:      black_bear_nest_2, minmay_temple_entry_overgrown, serial_shops,
          nicolae_shop_stone, grunt_dithmenos_smoke
D:7:      nicolae_gozag_seed_capital, uniq_menkaure
D:8:      grunt_ministairs_14, grunt_qazlal_sundering
D:9:      david_nohive_1
Temple:   minmay_freezing_vapour_temple

Skill      XL: |  1  2  3  4  5  6  7  8  9 10 |
---------------+-------------------------------+-----
Maces & Flails | 1 2 3 4 5 6 8 10 11 | 11.8
Armour         | 1 2 3 4 6 8 9 |  9.0
Fighting       | 1 2 3 4 5 6 |  6.9
Dodging        | 1 2 3 |  3.0
Invocations    | 1 2 3 4 6 |  6.8
Shields        | |  1.2
Spellcasting   | |  2.9
Transmutations | |  1.5
Earth Magic    | |  1.5
Evocations     | |  1.0

Action                   |  1- 3 |  4- 6 |  7- 9 | 10-12 || total
-------------------------+-------+-------+-------+-------++-------
Melee: Club              |   115 |   183 |       |       ||   298
       Headbutt          |    12 |    30 |    55 |    10 ||   107
       Flail             |       |     8 |   214 |       ||   222
       Great mace        |       |       |    24 |    69 ||    93
Invok: Ancestor Identity |       |     2 |       |       ||     2
       Recall Ancestor   |       |     1 |       |       ||     1
       Ancestor Life: He |       |       |     1 |       ||     1
Evoke: Wand              |       |       |       |     2 ||     2
  Use: Potion            |     2 |     2 |     4 |     1 ||     9
       Scroll            |     1 |     5 |     6 |     1 ||    13
 Stab: Confused          |       |       |     3 |       ||     3
       Distracted        |       |       |     2 |       ||     2
  Eat: Chunk             |     4 |     8 |    13 |     4 ||    29
Armor: Robe              |     3 |       |       |       ||     3
       Skin              |     3 |       |       |       ||     3
       Ring mail         |     5 |       |       |       ||     5
       Chain mail        |    54 |   113 |   132 |    55 ||   354
Dodge: Dodged            |    44 |    66 |   107 |    54 ||   271
